 Dungeon Crawl Stone Soup version 0.28.0-45-g0d030f2227 (webtiles) character file.

Game seed: 307290351631806155

1085 MalarOregon the Skirmisher (level 8, -1/65 HPs)
             Began as a Palentonga Fighter on Apr 19, 2022.
             Killed by nerve-wracking pain
             ... invoked by an orc priest
              (9 damage)
             ... on level 5 of the Dungeon.
             The game lasted 00:06:54 (5098 turns).

MalarOregon the Skirmisher (Palentonga Fighter)     Turns: 5098, Time: 00:06:54

Health: -1/65      AC: 20    Str: 22    XL:     8   Next: 9%
Magic:  8/8        EV:  8    Int:  9    God:
Gold:   198        SH:  4    Dex:  9    Spells: 7/7 levels left

rFire   . . .      SeeInvis +   a - +1 war axe (freeze)
rCold   . . .      Faith    .   c - +0 buckler
rNeg    . . .      Spirit   .   b - +0 scale mail
rPois   .          Reflect  .   p - +2 helmet
rElec   .          Harm     .   u - +1 cloak
rCorr   .          Rampage  .   l - +0 pair of gloves
Will    .....                   (no barding)
Stlth   ..........              (no amulet)
HPRegen 0.20/turn               (no ring)
MPRegen 0.11/turn               (no ring)

@: invisible, curled up
A: large, rugged brown scales 3, see invisible, deformed body, roll 1, armoured
tail, reflexive curl
a: Rolling Charge


You were on level 5 of the Dungeon.
You visited 1 branch of the dungeon, and saw 5 of its levels.

You collected 198 gold pieces.


Innate Abilities, Weirdness & Mutations

You are completely covered in rugged brown scales. (AC +3, +7% HP)
You have supernaturally acute eyesight. (SInv)
Armour fits poorly on your strangely shaped body.
You can roll at nearby foes to attack.
You have a long armoured tail.
You curl defensively after being hit. (AC +7*)


   Skills:
 + Level 4.9 Fighting
 + Level 4.3 Axes
 + Level 2.5 Throwing
 + Level 4.0 Armour
 + Level 2.9 Dodging
 + Level 4.0 Shields


You had 7 spell levels left.
You didn't know any spells.
Your spell library contained the following spells:

 Spells                   Type           Power      Damage    Failure   Level
 Pain                     Necr           0%         1d4       77%         1
 Sandblast                Erth           0%         2d4       77%         1
 Passwall                 Tmut/Erth      0%         N/A       88%         2
 Stone Arrow              Conj/Erth      0%         3d7       98%         3
 Agony                    Necr           0%         N/A       100%        5
 Excruciating Wounds      Necr           0%         N/A       100%        5

Inventory:

Hand Weapons
 a - a +1 war axe of freezing (weapon)
   (You took it off Blork the orc on level 4 of the Dungeon)
 e - a +3 flail
   (You took it off a gnoll on level 4 of the Dungeon)
Missiles
 f - 213 stones
 s - 2 boomerangs
 t - 3 boomerangs of dispersal {!f}
Armour
 b - a +0 scale mail (worn)
 c - a +0 buckler (worn)
 l - a +0 pair of gloves (worn)
   (You found it on level 5 of the Dungeon)
 p - a +2 helmet (worn)
   (You took it off Robin on level 2 of the Dungeon)
 q - the +1 robe "Kutapir" {rElec rN+}
   (You found it on level 2 of the Dungeon)

   rElec:     It insulates you from electricity.
   rN:        It protects you from negative energy.
 u - a +1 cloak (worn)
   (You found it on level 3 of the Dungeon)
Jewellery
 m - a ring of fire
   (You found it on level 1 of the Dungeon)
Wands
 d - a wand of iceblast (10)
   (You found it on level 2 of the Dungeon)
Scrolls
 g - a scroll of teleportation {@r4}
 h - a scroll of fear
 i - a scroll of vulnerability {!r}
Potions
 j - 4 potions of brilliance {unknown}
 k - 2 potions of mutation {unknown}
 o - a potion of flight {unknown}
 w - a potion of cancellation {unknown}
 x - a potion of heal wounds {unknown}

Dungeon Overview and Level Annotations

Branches:
Dungeon (5/15)
 Temple: D:4-7

Altars:
Gozag
Nemelex Xobeh

. ##..>..........
#..............
##..............
#............... #
##............... #
#................ #
##................ #
#.........)....... #
##.........@o...... #
#.......†.))o..#### ##
##..............#
.####...............#
......................
#......................
##......................
##......................
#...................


You could see an orc priest and an orc.


Message History

You hit the phantom.
You tail-slap the phantom, but do no damage.
The phantom hits you but does no damage.
You hit the phantom but do no damage. The phantom barely misses you.
The phantom hits you.
You closely miss the phantom.
The phantom hits you but does no damage.
You hit the phantom but do no damage. You block the phantom's attack.
You hit the phantom. The phantom hits you.
The phantom blinks!
You blink.
The phantom hits you.
The phantom blinks!
You blink.
You barely miss the phantom. The phantom hits you.
You hit the phantom. You block the phantom's attack.
You completely miss the phantom. The phantom hits you.
You block the phantom's attack.
You barely miss the phantom.
The phantom hits you but does no damage.
You closely miss the phantom.
The phantom hits you but does no damage.
You barely miss the phantom. The phantom barely misses you.
The phantom hits you but does no damage.
You hit the phantom. You block the phantom's attack.
You slash the phantom!
You destroy the phantom!
Your Shields skill increases to level 4!
You have reached level 8!
You feel stronger.
An orc wizard comes into view. It is wielding a +0 dagger.
The orc wizard shouts!
You hear a shout! x3
There's nothing you can charge at!
Roll where?
Press: ? - help, Dir - move target, f - orc wizard
Aim: an orc wizard, wielding a +0 dagger and wearing a +0 robe You roll forward with a clatter of scales! 2 orcs and 2 orc priests come into view.
You closely miss the orc wizard.
The orc shouts! x2; The orc priest shouts! x2
The orc wizard hits you but does no damage.
The orc throws a stone.
The stone hits you but does no damage.
The orc priest begins to cast a cantrip, but forgets the words!
You block the orc wizard's attack.
You closely miss the orc wizard.
Your tail-slap misses the orc wizard.
The orc wizard hits you with a +0 dagger.
Roll where?
Press: ? - help, Dir - move target, f - orc priest, p - orc wizard
Aim: an orc priest, wielding a +0 flail You roll forward with a clatter of scales!
You completely miss the orc priest.
The orc priest mumbles some strange prayers to Beogh against you.
Beogh smites you! You block the orc's attack.
You barely miss the orc priest. You closely miss the orc.
You closely miss the orc priest. You hit the orc. You freeze the orc.
You hit the orc wizard but do no damage.
The orc wizard hits you but does no damage.
The orc priest calls down the wrath of Beogh upon you.
Pain shoots through your body!
* * * LOW HITPOINT WARNING * * *
The orc hits you but does no damage.
The orc priest mumbles some strange prayers to Beogh against you.
Beogh smites you!
* * * LOW HITPOINT WARNING * * *
The orc barely misses you. You block the orc wizard's attack.
You hit the orc priest. You freeze the orc priest. You slash the orc wizard!
You freeze the orc wizard. You closely miss the orc. You slash the orc priest!
You freeze the orc priest. You closely miss the orc.
The orc priest hits you but does no damage.
The orc barely misses you. You block the orc priest's attack.
The orc hits you but does no damage.
The orc wizard hits you but does no damage.
The orc priest mumbles some strange prayers to Beogh against you.
Beogh smites you!
* * * LOW HITPOINT WARNING * * *
The orc priest barely misses you. The orc barely misses you.
Unknown command.
You fade into invisibility!
The orc completely misses you. You block the orc wizard's attack.
The orc priest hits you but does no damage.
You block the orc priest's attack. The orc closely misses you.
You feel better. You block the orc's attack.
The orc wizard gestures at you while chanting.
The puff of flame hits you.
* * * LOW HITPOINT WARNING * * *
You block the orc priest's attack. The orc barely misses you.
The orc priest hits you but does no damage.
You hit the orc priest. You freeze the orc priest.
You tail-slap the orc priest.
You kill the orc priest!
You closely miss the orc. You barely miss the orc priest.
You hit the orc wizard. You freeze the orc wizard.
You kill the orc wizard!
You slash the orc! You freeze the orc.
You kill the orc!
You block the orc priest's attack. The orc closely misses you.
Your Armour skill increases to level 4!
You barely miss the orc priest.
Your tail-slap misses the orc priest.
You barely miss the orc.
The orc priest calls down the wrath of Beogh upon you.
Pain shoots through your body!
You die...

Skill      XL: |  1  2  3  4  5  6  7  8 |
---------------+-------------------------+-----
Axes           | 3 4 |  4.3
Throwing       | 1 2 |  2.5
Armour         | 3 4 |  4.0
Dodging        | 1 2 |  2.9
Shields        | 3 4 |  4.0
Fighting       | 4 |  4.9

Action                   |  1- 3 |  4- 6 |  7- 9 || total
-------------------------+-------+-------+-------++-------
Melee: War axe           |    79 |   125 |    78 ||   282
       Tailslap          |     7 |    10 |    10 ||    27
 Abil: Rolling Charge    |     1 |     1 |     6 ||     8
  Use: Potion            |     1 |     1 |     2 ||     4
       Scroll            |       |     2 |     6 ||     8
Armor: Scale mail        |    37 |    59 |    60 ||   156
Dodge: Dodged            |    28 |    49 |    37 ||   114
Block: Buckler           |    19 |    25 |    33 ||    77

Levels and vault maps discovered:
D:1:      moated_graveyard_arrival, layout_basic
D:2:      layout_basic, shapermc_ecumenical_altar_starsandcircs, uniq_sigmund,
          uniq_robin
D:3:      layout_basic
D:4:      layout_loops_ring, grunt_temple_overflow_opulence, uniq_blork_the_orc
D:5:      layout_layer_cave, chequers_serial_rivers_micro_b,
          chequers_serial_rivers_micro_a

Notes
Turn   | Place    | Note
-------+----------+-------------------------------------------
     0 | D:1      | MalarOregon the Palentonga Fighter began the quest for the
                  | Orb.
     0 | D:1      | Reached XP level 1. HP: 19/19 MP: 1/1
   494 | D:1      | Reached XP level 2. HP: 18/25 MP: 2/2
  1193 | D:2      | Reached XP level 3. HP: 31/31 MP: 3/3
  1193 | D:2      | Found a faded altar of an unknown god.
  1408 | D:2      | Noticed Sigmund
  1411 | D:2      | Killed Sigmund
  1412 | D:2      | Reached skill level 3 in Axes
  1412 | D:2      | Reached skill level 1 in Throwing
  1412 | D:2      | Reached skill level 3 in Armour
  1412 | D:2      | Reached skill level 1 in Dodging
  1412 | D:2      | Reached skill level 3 in Shields
  1412 | D:2      | Reached XP level 4. HP: 22/39 MP: 4/4
  1412 | D:2      | Reached XP level 5. HP: 25/44 MP: 5/5
  1583 | D:2      | Identified the +1 robe "Kutapir" {rElec rN+}
  1632 | D:2      | Noticed Robin
  1640 | D:2      | HP: 10/44 [hobgoblin[Robin] (4)]
  1647 | D:2      | Killed Robin
  1648 | D:2      | HP: 9/44 [hobgoblin[Robin] (3)]
  2368 | D:3      | Reached XP level 6. HP: 47/51 MP: 6/6
  2370 | D:3      | Reached skill level 4 in Fighting
  2590 | D:3      | You pick up a book of Pain and begin reading...
  2590 | D:3      | You add the spells Pain, Agony and Excruciating Wounds to
                  | your library.
  2595 | D:3      | You pick up a book of Geomancy and begin reading...
  2595 | D:3      | You add the spells Sandblast, Passwall and Stone Arrow to
                  | your library.
  3669 | D:4      | Noticed Blork the orc
  3680 | D:4      | Killed Blork the orc
  3681 | D:4      | Reached skill level 2 in Dodging
  3943 | D:4      | Found a sparkling altar of Nemelex Xobeh.
  3945 | D:4      | Found an opulent altar of Gozag.
  4017 | D:4      | Gained mutation: You curl defensively after being hit. (AC
                  | +7*) [Palentonga growth]
  4017 | D:4      | Reached XP level 7. HP: 53/57 MP: 7/7
  4380 | D:5      | Entered Level 5 of the Dungeon
  4606 | D:5      | HP: 7/58 [gnoll sergeant/+0 trident (10)]
  4609 | D:5      | Reached skill level 2 in Throwing
  5024 | D:5      | Reached skill level 4 in Axes
  5072 | D:5      | Reached skill level 4 in Shields
  5072 | D:5      | Reached XP level 8. HP: 42/65 MP: 8/8
  5094 | D:5      | HP: 7/65 [orc priest/divine providence (14)]
  5098 | D:5      | Reached skill level 4 in Armour
  5098 | D:5      | Killed from afar by an orc priest

Vanquished Creatures
  Sigmund (D:2)
  A black bear (D:5)
  An ice beast (D:5)
  An ogre (D:4)
  A phantom (D:5)
  Blork the orc (D:4)
  A gnoll sergeant (D:5)
  A water moccasin skeleton (D:5)
  2 hounds (D:5)
  2 orc priests
  An iguana (D:4)
  2 orc wizards
  Robin (D:2)
  6 adders
  4 gnolls
  A dart slug (D:2)
  12 orcs
  7 endoplasms
  6 giant cockroaches
  15 goblins
  12 hobgoblins
  7 kobolds
  6 quokkas
  12 ball pythons
  2 bats
  6 frilled lizards
  5 rats
117 creatures vanquished.

Table legend:
 A = Non-vault XP
 B = Vault XP
 C = Vault XP percentage of total XP
 D = Non-vault monster count
 E = Vault monster count
 F = Vault count percentage of total count
                 A         B        C        D         E       F
            +---------+---------+-------+---------+---------+-------
      Total |    1196 |     355 |  22.9 |     102 |      15 |  12.8
            +---------+---------+-------+---------+---------+-------
        D:1 |      39 |       0 |   0.0 |      24 |       0 |   0.0
        D:2 |      37 |     261 |  87.6 |      14 |      14 |  50.0
        D:3 |     183 |       0 |   0.0 |      33 |       0 |   0.0
        D:4 |     238 |      94 |  28.3 |      19 |       1 |   5.0
        D:5 |     699 |       0 |   0.0 |      12 |       0 |   0.0
            +---------+---------+-------+---------+---------+-------

Illustrated notes

Table legend:
 A = Kills in this place as a percentage of kills in entire the game.
 B = Kills by you in this place as a percentage of kills by you in the entire game.
 C = Kills by friends in this place as a percentage of kills by friends in the entire game.
 D = Other kills in this place as a percentage of other kills in the entire game.
 E = Experience gained in this place as a percentage of experience gained in the entire game.
 F = Experience gained in this place divided by the number of levels of this place that you have seen.
                   A       B       C       D       E      F
               +-------+-------+-------+-------+-------+----------------------
         Total | 100.0 | 100.0 |   N/A |   N/A | 100.0 | 310.2
       Dungeon | 100.0 | 100.0 |   N/A |   N/A | 100.0 | 310.2
               +-------+-------+-------+-------+-------+----------------------

Table legend: (Time is in decaauts)
 A = Elapsed time spent in this place.
 B = Non-inter-level travel time spent in this place.
 C = Inter-level travel time spent in this place.
 D = Time resting spent in this place.
 E = Time spent auto-exploring this place.
 F = Levels seen in this place.
 G = Mean time per level.
                   A        B        C        D        E       F      G
               +--------+--------+--------+--------+--------+-----+--------+
         Total |   5206 |   4945 |    261 |    834 |   3286 |   5 | 1041.2 |
       Dungeon |   5206 |   4945 |    261 |    834 |   3286 |   5 | 1041.2 |
               +--------+--------+--------+--------+--------+-----+--------+

Top non-repeatable levels by time:
     D:3: 1399 daAuts
     D:1: 1173 daAuts
     D:2: 1122 daAuts
     D:4: 954 daAuts
     D:5: 556 daAuts
